 Dungeon Crawl Stone Soup version 0.24.0-125-gc4c63601f3 (webtiles) character file.

Game seed: 6108188679262967864, levelgen mode: deterministic

3429 Curus the Grappler (level 9, 0/92 HPs)
             Began as a Troll Monk on Mar 10, 2020.
             Slain by an unseen horror (5 damage)
             ... on level 8 of the Dungeon.
             The game lasted 00:19:27 (5377 turns).

Curus the Grappler (Troll Monk)                     Turns: 5377, Time: 00:19:27

Health: 0/92       AC: 12    Str: 21    XL:     9   Next: 76%
Magic:  8/8        EV: 13    Int:  8    God:
Gold:   418        SH:  0    Dex: 13    Spells: 8/8 levels left

rFire    + . .     SeeInvis .     - Unarmed
rCold    + . .     Gourm    +   (no shield)
rNeg     . . .     Faith    .   d - +1 robe {rC+ rF+}
rPois    +         Spirit   .   (helmet restricted)
rElec    .         Reflect  .   u - +0 cloak {rPois}
rCorr    .         Harm     .   (gloves unavailable)
MR       .....     Clarity  +   (boots unavailable)
Stlth    ++........             (no amulet)
HPRegen  0.65/turn              c - ring of flight
MPRegen  0.11/turn              t - ring of poison resistance

@: no status effects
A: large, unfitting armour, claws 3, molten scales 1, slimy green scales 1,
clarity, fast metabolism 3, gourmand, regeneration 1, shaggy fur 1, tough skin
3, wild magic 1
a: Evoke Flight


You were on level 8 of the Dungeon.
You were very full.

You visited 2 branches of the dungeon, and saw 9 of its levels.

You collected 508 gold pieces.
You spent 90 gold pieces at shops.

Inventory:

Armour
 a - a +0 robe
 d - a +1 robe of resistance (worn)
 u - a +0 cloak of poison resistance (worn)
Jewellery
 c - a ring of flight (left claw)
 i - an uncursed ring of ice
 j - a cursed ring of ice
 t - a ring of poison resistance (right claw)
 v - an uncursed amulet of inaccuracy
Wands
 l - a wand of polymorph (12)
 s - a wand of acid (4)
 x - a wand of random effects (12)
Scrolls
 e - 7 scrolls of remove curse
 f - 4 scrolls of teleportation
 p - 2 scrolls of identify
 y - a scroll of enchant weapon
Potions
 g - 3 potions of curing
 h - 3 potions of mutation
 k - a potion of might
 m - a potion of ambrosia
 n - 3 potions of brilliance
 o - a potion of flight
 q - a potion of agility
 r - 2 potions of heal wounds
 w - a potion of haste
 z - a potion of cancellation
Comestibles
 b - 15 rations
 A - 4 chunks of flesh


   Skills:
 + Level 6.5 Fighting
 + Level 6.5 Dodging
 - Level 1.0 Stealth
 - Level 10.0 Unarmed Combat


You had 8 spell levels left.
You didn't know any spells.
Your spell library contained the following spells:

 Spells                   Type           Power        Failure   Level  Hunger
 Corona                   Hex            #......      50%         1    ##.....
 Ensorcelled Hibernation  Hex/Ice        #.....       63%         2    ###....
 Confuse                  Hex            #.......     85%         3    ####...
 Dazzling Spray           Conj/Hex       #.....       85%         3    ####...
 Tukima's Dance           Hex            #.......     85%         3    ####...


Dungeon Overview and Level Annotations

Branches:
Dungeon (8/15)             Temple (1/1) D:4
   Lair: D:8-11

Altars:
Ashenzari
Cheibriados
Elyvilon
Fedhas
Gozag
Hepliaklqana
Kikubaaqudgha
Makhleb
Nemelex Xobeh
Okawaru
Qazlal
Ru
Sif Muna
Trog
Uskayaw
Vehumet
Wu Jian
Xom
Yredelemnul
Zin
The Shining One

Shops:
D:7 ([[


Innate Abilities, Weirdness & Mutations

You are too large for most types of armour.
You have claws for hands.
Your metabolism is lightning-fast.
You like to eat raw meat.
Your natural rate of healing is unusually fast.
You are covered in fur. (AC +1)
You have extremely tough skin. (AC +3)
You are partially covered in molten scales. (AC +2)
You are partially covered in slimy green scales. (AC +2)
You possess an exceptional clarity of mind.
Your spells are a little harder to cast, but a little more powerful.


Message History

* * * LOW HITPOINT WARNING * * *
Something hits you but does no damage. Something barely misses you.
You scratch something but do no damage.
Something hits you but does no damage. x2
You miss something. Your claw misses something. Something hits you!
* * * LOW HITPOINT WARNING * * *
You scratch something.
Something hits you but does no damage. x2
You claw something! Something hits you.
* * * LOW HITPOINT WARNING * * *
Okay, then.
Unknown command.
Unknown command.
Something hits you but does no damage. Something completely misses you.
Something hits you but does no damage. Something hits you.
* * * LOW HITPOINT WARNING * * *
Something hits you.
* * * LOW HITPOINT WARNING * * *
Something hits you.
You die...

####.....###.....#......##.....##
..##.....#.......#......########
.........#.......#.......+.....##
.........#.......#......##.......
.........+.......#......##.......
..###'####.......#...............
###..............#...............
#..............#.............##
#....(........@#.............##
#..............#......##.....##
#..............#########.....##
#............... #.......
....############. #.....## ....
.. #.....## #........+.......
#........#.......
#........#.......


There were no monsters in sight!

Vanquished Creatures
  Pikel (D:7)
  Joseph (D:7)
  A hippogriff (D:2)
  Prince Ribbit (D:7)
  Menkaure (D:7)
  Edmund (D:4)
  A water moccasin (D:7)
  A slave (D:7)
  A sky beast (D:7)
  A phantom (D:7)
  A necrophage (D:7)
  3 ogres
  3 centaurs
  A big kobold (D:8)
  2 bullfrogs (D:6)
  A bullfrog zombie (D:7)
  2 hounds
  2 jellies (D:6)
  An orc priest (D:5)
  Crazy Yiuf (D:7)
  A bullfrog skeleton (D:5)
  3 iguanas
  Natasha (thrice) (D:3)
  Terence (D:3)
  6 orc wizards
  7 worker ants
  A hound skeleton (D:6)
  A worker ant zombie (D:5)
  11 adders
  8 gnolls
  An ooze (D:2)
  2 worms
  4 dart slugs
  5 leopard geckos
  15 orcs
  2 ball pythons (D:2)
  10 bats
  10 giant cockroaches
  6 goblins
  8 hobgoblins
  12 jackals
  2 quokkas
  8 frilled lizards
  A jackal zombie (D:7)
  11 kobolds
  A leopard gecko skeleton (D:4)
  A quokka zombie (D:7)
  11 rats
179 creatures vanquished.

Vanquished Creatures (others)
  A hound (D:7)
  An adder zombie (D:7)
  2 orcs (D:7)
4 creatures vanquished.

Grand Total: 183 creatures vanquished

Notes
Turn   | Place    | Note
-------+----------+-------------------------------------------
     0 | D:1      | Curus the Troll Monk began the quest for the Orb.
     0 | D:1      | Reached XP level 1. HP: 22/22 MP: 0/0
    91 | D:1      | Reached XP level 2. HP: 29/29 MP: 1/1
   251 | D:1      | Reached skill level 4 in Unarmed Combat
   315 | D:1      | Reached XP level 3. HP: 30/36 MP: 2/2
  1041 | D:2      | Reached skill level 5 in Unarmed Combat
  1041 | D:2      | Reached XP level 4. HP: 38/44 MP: 3/3
  1104 | D:2      | Gained mutation: You are partially covered in molten
                  | scales. (AC +2) [potion of mutation]
  1104 | D:2      | Gained mutation: You possess an exceptional clarity of
                  | mind. [potion of mutation]
  1104 | D:2      | Gained mutation: Your spells are a little harder to cast,
                  | but a little more powerful. [potion of mutation]
  1104 | D:2      | Gained mutation: You are partially covered in slimy green
                  | scales. (AC +2) [potion of mutation]
  1237 | D:2      | Noticed a hippogriff
  1252 | D:2      | Killed a hippogriff
  1252 | D:2      | Reached skill level 7 in Unarmed Combat
  1252 | D:2      | Reached XP level 5. HP: 44/50 MP: 4/4
  1252 | D:2      | Reached XP level 6. HP: 52/59 MP: 5/5
  1259 | D:2      | Found a blossoming altar of Fedhas.
  1453 | D:2      | Found a stormy altar of Qazlal.
  1527 | D:3      | Noticed Natasha
  1528 | D:3      | Noticed Terence
  1541 | D:3      | Killed Natasha
  1544 | D:3      | Killed Terence
  1545 | D:3      | Noticed Natasha
  1549 | D:3      | Killed Natasha
  1788 | D:3      | Found a burning altar of Makhleb.
  1853 | D:3      | Noticed Natasha
  1864 | D:3      | Killed Natasha
  1937 | D:3      | Reached skill level 8 in Unarmed Combat
  1965 | D:3      | Reached XP level 7. HP: 66/66 MP: 6/6
  2160 | D:4      | Found a white marble altar of Elyvilon.
  2209 | D:4      | Found a staircase to the Ecumenical Temple.
  2222 | Temple   | Entered the Ecumenical Temple
  2379 | D:4      | Found a snail-covered altar of Cheibriados.
  2393 | D:4      | Noticed Edmund
  2413 | D:4      | Killed Edmund
  2413 | D:4      | Reached skill level 9 in Unarmed Combat
  2616 | D:4      | Found a sparkling altar of Nemelex Xobeh.
  2747 | D:4      | Found an ornate altar of the Wu Jian Council.
  2794 | D:5      | Entered Level 5 of the Dungeon
  2900 | D:5      | Reached XP level 8. HP: 65/74 MP: 7/7
  2976 | D:5      | Reached skill level 10 in Unarmed Combat
  3032 | D:5      | Found an ancient bone altar of Kikubaaqudgha.
  3035 | D:5      | Found a bloodstained altar of Trog.
  3236 | D:5      | Noticed a +0 hand axe
  3236 | D:5      | Noticed a +3 hand axe
  3239 | D:5      | Found a hide-covered altar of Uskayaw.
  3595 | D:6      | Found a glowing silver altar of Zin.
  3595 | D:6      | Found Zin's Purification Station.
  3662 | D:6      | Bought a potion of curing for 90 gold pieces
  3962 | D:7      | Found Wyna's Armour Boutique.
  3984 | D:7      | Found Ocwikarr's Armour Emporium.
  4065 | D:7      | Noticed Pikel
  4084 | D:7      | Killed Pikel
  4084 | D:7      | Reached XP level 9. HP: 84/87 MP: 8/8
  4092 | D:7      | Reached skill level 5 in Dodging
  4127 | D:7      | Reached skill level 5 in Fighting
  4166 | D:7      | Noticed Prince Ribbit
  4168 | D:7      | Noticed Joseph
  4182 | D:7      | Killed Joseph
  4187 | D:7      | Killed Prince Ribbit
  4335 | D:7      | Found Sonaovehupn's Weapon Boutique.
  4414 | D:7      | Noticed Menkaure
  4419 | D:7      | Killed Menkaure
  4449 | D:7      | Found a radiant altar of Vehumet.
  4657 | D:7      | Found a runed translucent door.
  4658 | D:7      | Noticed Crazy Yiuf
  5038 | D:7      | Killed Crazy Yiuf
  5377 | D:8      | Slain by an unseen horror

Levels and vault maps discovered:
D:1:      tarquinn_simple_flora_water_f, layout_loops_ring, hex_tiny,
          moated_statue
D:2:      layout_basic, nicolae_overflow_hidden_temple,
          nicolae_qazlal_eye_of_the_storm, kennysheep_generic_room_6
D:3:      layout_rooms, marbit_many_paths, palyth_stone_intersect, uniq_natasha,
          uniq_terence
D:4:      layout_basic, cheibriados_altar_1, overflow_temple_1_default,
          nicolae_overflow_crystal_walls, lemuel_doored_altar,
          minmay_temple_entry_ruins, uniq_edmund
D:5:      layout_cave_pools, dancing_weapons_uskayaw,
          chequers_temple_overflow_statue_of_worship, first_ration,
          minmay_between
D:6:      layout_basic, zin_purify
D:7:      layout_loops_ring, vehumet_crystals, serial_shops,
          nicolae_shop_statue_plus, kennysheep_mini_moat,
          nicolae_shop_window_shopping, hex_large, uniq_pikel,
          uniq_prince_ribbit1, uniq_crazy_yiuf_cottage, uniq_menkaure,
          uniq_joseph
D:8:      layout_gridville, overflow_temple_1_default
Temple:   kb_temple_of_zot

Skill      XL: |  1  2  3  4  5  6  7  8  9 |
---------------+----------------------------+-----
Unarmed Combat | 4 5 7 8 9 10 | 10.0
Fighting       | 4 6 |  6.5
Dodging        | 4 6 |  6.5
Stealth        | |  1.0

Action                   |  1- 3 |  4- 6 |  7- 9 || total
-------------------------+-------+-------+-------++-------
Melee: Unarmed           |    82 |   147 |   280 ||   509
       Punch             |     1 |     1 |     6 ||     8
Evoke: Wand              |       |       |     1 ||     1
  Use: Scroll            |     5 |     1 |     2 ||     8
       Potion            |     5 |     3 |     2 ||    10
 Stab: Sleeping          |     4 |       |       ||     4
  Eat: Chunk             |    15 |     9 |    30 ||    54
Armor: Robe              |    18 |    56 |   126 ||   200
Dodge: Dodged            |    29 |    98 |   150 ||   277
